 Dungeon Crawl Stone Soup version 0.27.1-34-g3ba077fa99 (webtiles) character file.

Game seed: 11660580037410049609

142 vvl the Ruffian (level 5, -2/41 HPs)
             Began as a Draconian Transmuter on Jan 19, 2022.
             Slain by a gnoll (5 damage)
             ... on level 2 of the Dungeon.
             The game lasted 00:03:54 (2698 turns).

vvl the Ruffian (Draconian Transmuter)              Turns: 2698, Time: 00:03:55

Health: -2/41      AC:  5    Str: 13    XL:     5   Next: 4%
Magic:  8/8        EV: 12    Int: 13    God:
Gold:   56         SH:  0    Dex: 12    Spells: 7/8 levels left

rFire    . . .     SeeInvis .   j - +0 dagger (elec)
rCold    . . .     Faith    .   (no shield)
rNeg     + . .     Spirit   .   (armour unavailable)
rPois    .         Reflect  .   (helmet currently unavailable)
rElec    .         Harm     .   (no cloak)
rCorr    .         Rampage  .   (no gloves)
Will     .....                  (boots currently unavailable)
Stlth    +.........             (no amulet)
HPRegen  0.13/turn              c - ring of positive energy
MPRegen  0.11/turn              (no ring)

@: appendages
A: horns 2, talons 2, AC +5, unfitting armour, cold-blooded
a: End Transformation


You were on level 2 of the Dungeon.
You had temporarily grown beastly horns and talons.
You visited 1 branch of the dungeon, and saw 2 of its levels.

You collected 56 gold pieces.

Inventory:

Hand Weapons
 j - a +0 dagger of electrocution (weapon)
Armour
 h - a +2 hat (melded)
Jewellery
 c - a ring of positive energy (left hand)
Scrolls
 a - a scroll of fear {unknown}
 b - 3 scrolls of identify {unknown}
 d - a scroll of teleportation {unknown}
 e - a scroll of magic mapping {unknown}
 g - a scroll of noise {unknown}
 k - a scroll of summoning {unknown}
Potions
 f - a potion of attraction {unknown}
 i - a potion of ambrosia {unknown}
 l - a potion of curing {unknown}


   Skills:
 + Level 2.2 Fighting
 + Level 2.4 Dodging
 * Level 3.9 Unarmed Combat
 + Level 2.4 Spellcasting
 * Level 3.3 Transmutations


You had 7 spell levels left.
You knew the following spells:

 Your Spells              Type           Power      Damage    Failure   Level
a - Beastly Appendage     Tmut           20%        N/A       6%          1

Your spell library contained the following spells:

 Spells                   Type           Power      Damage    Failure   Level
 Wereblood                Tmut           10%        N/A       10%         2
 Spider Form              Tmut/Pois      2%         N/A       36%         3
 Ice Form                 Ice/Tmut       5%         N/A       77%         4


Dungeon Overview and Level Annotations

Branches:
Dungeon (2/15)

Altars:
Gozag

Shops:
D:1 =


Innate Abilities, Weirdness & Mutations

You have temporarily grown beastly horns and talons.
Your plain brown scales are hard. (AC +5)
You cannot fit into any form of body armour.
You are cold-blooded and may be slowed by cold attacks.


Message History

You see here a +0 club.
There is a stone staircase leading up here.
You climb upwards.
There is a stone staircase leading down here.
You start resting.
HP restored.
You grow a pair of large bovine horns.
Your feet morph into talons.
Your +2 hat melds into your body.
You climb downwards.
The gnoll barely misses you. The gnoll hits you with a +0 flail.
There is a stone staircase leading up here.
You closely miss the gnoll. Your kick misses the gnoll.
Your headbutt misses the gnoll. You tail-slap the gnoll.
The gnoll is moderately wounded.
The gnoll hits you with a +0 flail.
You hit the gnoll but do no damage. You claw the gnoll, but do no damage.
You tail-slap the gnoll.
The gnoll is moderately wounded.
The gnoll hits you but does no damage. The gnoll closely misses you.
You barely miss the gnoll. Your kick misses the gnoll.
The gnoll is moderately wounded.
The gnoll closely misses you. The gnoll barely misses you.
You hit the gnoll but do no damage. You claw the gnoll.
The gnoll is heavily wounded.
The gnoll hits you with a +0 flail! The gnoll hits you with a +0 flail.
You barely miss the gnoll.
The gnoll is heavily wounded.
The gnoll hits you with a +0 flail!
* * * LOW HITPOINT WARNING * * *
The gnoll hits you with a +0 flail.
* * * LOW HITPOINT WARNING * * *
You closely miss the gnoll. You claw the gnoll. You headbutt the gnoll.
The gnoll is almost dead.
The gnoll hits you with a +0 flail.
* * * LOW HITPOINT WARNING * * *
The gnoll completely misses you.
You closely miss the gnoll. You headbutt the gnoll.
The gnoll is almost dead.
The gnoll barely misses you. The gnoll hits you with a +0 flail.
You die...

#.# #.# ###.# ####...#
...#.#### #....##.##
.###.#...## # ##
##.....######### .### # #
#...........g@.# ... .# ##
#.######.#.###g###.###.#
.###.#........###.........#
.....P...PP.P.##.........#
.##.........#.##.#..###..####
.##..)P.....#.<......†.......
.....PP.....#..#.........###
.###.P......#.##..###....# .#
#.######...##.........#


You could see 2 gnolls.

Vanquished Creatures
  An orc priest (D:2)
  An orc wizard (D:2)
  A gnoll (D:2)
  2 adders (D:2)
  3 worms (D:2)
  2 dart slugs (D:2)
  An orc (D:2)
  3 bats
  5 endoplasms
  2 giant cockroaches
  6 hobgoblins
  4 jackals (D:1)
  A ball python (D:1)
  2 frilled lizards
  7 goblins
  2 kobolds
  4 rats
47 creatures vanquished.

Notes
Turn   | Place    | Note
-------+----------+-------------------------------------------
     0 | D:1      | vvl the Draconian Transmuter began the quest for the Orb.
     0 | D:1      | Reached XP level 1. HP: 16/16 MP: 3/3
   181 | D:1      | Found Niarrix's Jewellery Emporium.
   243 | D:1      | Reached XP level 2. HP: 21/23 MP: 3/5
   955 | D:1      | Reached XP level 3. HP: 28/28 MP: 4/6
  1284 | D:2      | Reached XP level 4. HP: 29/36 MP: 7/7
  1983 | D:2      | Found an opulent altar of Gozag.
  2416 | D:2      | Reached XP level 5. HP: 32/41 MP: 6/8
  2698 | D:2      | Slain by a gnoll

Illustrated notes

Levels and vault maps discovered:
D:1:      minmay_arrival_split_and_join, layout_basic, serial_shops,
          nicolae_shop_crystal
D:2:      cheibrodos_old_hovel, layout_loops_ring,
          shapermc_ecumenical_altar_venn, basic_altar, minmay_misc_feat_columns,
          minmay_surrounded

Skill      XL: |  1  2  3  4 |
---------------+-------------+-----
Dodging        | 2 |  2.4
Fighting       | 2 |  2.2
Transmutations | 3 |  3.3
Unarmed Combat | |  3.9
Spellcasting   | |  2.4

Action                   |  1- 3 |  4- 6 || total
-------------------------+-------+-------++-------
Melee: Unarmed           |    71 |     5 ||    76
       Tailslap          |    10 |    12 ||    22
       Kick              |    12 |     7 ||    19
       Headbutt          |    11 |    13 ||    24
       Dagger            |       |    58 ||    58
 Cast: Beastly Appendage |    17 |     9 ||    26
Armor: Skin              |    22 |    12 ||    34
Dodge: Dodged            |    33 |    28 ||    61
